 Dungeon Crawl Stone Soup version 0.18.1-6-gd335043 (webtiles) character file.

184 HungrySpirit the Cutter (level 5, -3/29 HPs)
             Began as a Kobold Artificer on May 18, 2016.
             Killed themself with a badly aimed iceblast (7 damage)
             ... on level 3 of the Dungeon.
             The game lasted 00:04:42 (3062 turns).

HungrySpirit the Cutter (Kobold Artificer)          Turns: 3062, Time: 00:04:43

Health: -3/29      AC:  5    Str: 10    XL:     5   Next: 95%
Magic:  8/8        EV: 16    Int: 10    God:
Gold:   98         SH:  0    Dex: 17    Spells: 0 memorised, 4 levels left

rFire  . . .     SeeInvis .     a - +0 short sword
rCold  . . .     Gourm    .     b - +0 leather armour
rNeg   . . .     Faith    .     (shield restricted)
rPois  .         Spirit   .     (no helmet)
rElec  .         Dismiss  .     (no cloak)
rCorr  .         Reflect  .     l - +0 pair of gloves
SustAt .         Harm     .     k - +0 pair of boots
MR     .....                    (no amulet)
Stlth  ++........               (no ring)
                                (no ring)

@: slowed, very slow, not resistant to hostile enchantments, unstealthy
A: carnivore 3
a: no special abilities


You were on level 3 of the Dungeon.
You were very full.

You visited 1 branch of the dungeon, and saw 4 of its levels.

You collected 98 gold pieces.

Inventory:

Hand Weapons
 a - a +0 short sword (weapon)
Armour
 b - a +0 leather armour (worn)
 k - a +0 pair of boots (worn)
 l - a +0 pair of gloves (worn)
Jewellery
 m - an uncursed ring of fire
Wands
 c - a wand of flame (0/48)
 d - a wand of enslavement (14/24)
 e - a wand of random effects (4/48)
 r - a wand of disintegration (12/24)
Scrolls
 h - 3 scrolls of remove curse {unknown}
 j - a scroll of fear {unknown}
 n - a scroll of blinking {unknown}
 o - a scroll of recharging {unknown}
 p - a scroll of identify {unknown}
Potions
 g - a potion of curing {unknown}
 i - 3 potions of lignification {unknown}
 q - a potion of flight {unknown}
 t - a potion of magic {unknown}
Comestibles
 f - a meat ration


   Skills:
 - Level 1.1 Fighting
 * Level 4.9 Short Blades
 + Level 4.2 Dodging
 - Level 1.3 Stealth
 + Level 4.7 Evocations


You had 4 spell levels left.
You didn't know any spells.

Dungeon Overview and Level Annotations

Branches:
Dungeon (4/15)
 Temple: D:4-7

Altars:


Innate Abilities, Weirdness & Mutations

You are small and have problems with some larger weapons.
You are carnivorous and can eat meat at any time.


Message History

The orc wizard hits you but does no damage.
Evoke which item? (* to show all) (? for menu, Esc to quit)
Zapping:
e - a wand of random effects (5/48)
Press: ? - help, Shift-Dir - straight line, f/p - orc wizard
Aim: an orc wizard, wielding a dagger and wearing a robe (moderately wounded, fast)
The orc wizard resists with significant effort.
This wand has 4 charges left.
The orc wizard casts a spell at you. The magic dart hits you!
* * * LOW HITPOINT WARNING * * *
The orc wizard hits you but does no damage.
The orc wizard closely misses you.
Evoke which item? (* to show all) (? for menu, Esc to quit)
Zapping:
e - a wand of random effects (4/48)
Press: ? - help, Shift-Dir - straight line, f/p - orc wizard
Aim: an orc wizard, wielding a dagger and wearing a robe (moderately wounded, fast)
The mass of ice explodes!
The iceblast engulfs the orc wizard.
You kill the orc wizard!
The iceblast engulfs you!
You die...

######### #...%...#
######### #.#####.#
#.......#
#.#####.####.#####.#
#.##@...........##.##
#.##)##.####.##....(†
#.##.##.# #.#####.##
#.......# #.#####.#
####.#### #.......##
#...# ##########
###...### # #.......#
####### # #.......#
#.....# #


There were no monsters in sight!

Vanquished Creatures
  An orc wizard (D:3)
  4 gnolls (D:2)
  3 adders
  3 worms
  3 dart slugs
  3 giant geckos (D:3)
  4 orcs (D:3)
  2 giant cockroaches
  6 goblins
  10 hobgoblins
  7 jackals (D:3)
  6 kobolds
  A quokka (D:3)
  5 bats
  4 giant newts
  7 rats
69 creatures vanquished.

Vanquished Creatures (collateral kills)
  An orc (D:4)
1 creature vanquished.

Grand Total: 70 creatures vanquished

Notes
Turn   | Place    | Note
--------------------------------------------------------------
     0 | D:1      | HungrySpirit the Kobold Artificer began the quest for the Orb.
     0 | D:1      | Reached XP level 1. HP: 12/12 MP: 3/3
   408 | D:1      | Reached XP level 2. HP: 11/16 MP: 4/4
  1057 | D:2      | Reached XP level 3. HP: 20/20 MP: 6/6
  1338 | D:2      | Reached XP level 4. HP: 25/25 MP: 7/7
  1861 | D:3      | Reached XP level 5. HP: 28/29 MP: 8/8
  3048 | D:4      | Noticed an ogre
  3062 | D:3      | Killed themself with a badly aimed iceblast

Skill      XL: |  1  2  3  4  5 |
---------------+----------------+-----
Short Blades   | 2 3 4 |  4.9
Evocations     | 4 |  4.7
Dodging        | 3 4 |  4.2
Fighting       | |  1.1
Stealth        | |  1.3

Action                   |  1- 3 |  4- 6 || total
-------------------------+-------+-------++-------
Melee: Short sword       |    80 |   201 ||   281
Evoke: Wand              |     9 |    18 ||    27
 Stab: Sleeping          |     3 |     2 ||     5
       Paralysed         |       |     1 ||     1
       Confused          |       |     1 ||     1
  Eat: Chunk             |     8 |     5 ||    13
Armor: Leather armour    |    14 |    36 ||    50
Dodge: Dodged            |    54 |   163 ||   217
